Map: Catalyseur EC

Players

zuka - Winner!

  • Race: Protoss Protoss
  • League: Grandmaster
  • Spawn Location: 11:00

Franco

  • Race: Protoss Protoss
  • League: Master
  • Spawn Location: 5:00

VOD

https://youtu.be/tHV5FS8y1Q8

Description

You want free points in Starcraft 2 as Protoss ? This build order is done for you !
It's a simple all-in easy to do and which is amazing in attack and in defense: More powerful than a 4 Gates and able to counter DT build order.
In this Build Order, i present you the 3G warp prism all-in. It has been done by Mana vs Ptitdrogo recently (Challenger WCS Austin 2018) and he is really effective.

Time

  • Played on: May 24, 2018, 4:04 p.m.
  • Length: 5:23
Show
View Real Time Build Order
Export as new Build Order

zuka Protoss - Winner!

Build Orders:  

Get SALT Encoding   

  12  0:00  Probe  
  13  0:12  Probe  
  14  0:17  Pylon  
  14  0:21  Probe  
  15  0:31  Probe  
  16  0:38  Gateway  
  16  0:41  Probe  
  16  0:48  Assimilator  
  17  0:52  Probe  
  18  0:57  Assimilator  
  18  1:00  Probe  
  18  1:09  Probe  
  19  1:12  Gateway  
  20  1:20  Probe  
  21  1:28  Cybernetics Core  
  21  1:34  Probe  
  22  1:41  Pylon  
  22  1:50  Probe  
  23  1:55  Warp Gate  
  23  2:04  Stalker x2  
  27  2:29  Pylon  
  27  2:34  Stalker x2  
  31  2:42  Robotics Facility  
  31  3:04  Stalker x2  
  35  3:10  Gateway  
  35  3:20  Warp Prism  
  35  3:26  Shield Battery  
  37  3:37  Pylon  
  37  3:58  Stalker x2  
  41  4:04  Observer  
  41  4:08  Pylon  
  42  4:30  Stalker x3  
  48  4:54  Stalker  
  48  4:55  Stalker x2  
Show
View Real Time Build Order
Export as new Build Order

Franco Protoss 

Build Orders:  

Get SALT Encoding   

  12  0:00  Probe  
  13  0:12  Probe  
  14  0:17  Pylon  
  14  0:25  Probe  
  15  0:35  Probe  
  15  0:39  Gateway  
  16  0:44  Assimilator  
  16  0:47  Probe  
  17  0:57  Probe  
  18  1:10  Gateway  
  19  1:11  Probe  
  19  1:18  Assimilator  
  19  1:23  Probe  
  20  1:27  Cybernetics Core  
  20  1:31  Pylon, Probe  
  20  1:39  Probe  
  22  1:50  Probe  
  23  2:02  Probe  
  24  2:10  Stalker x2, Pylon  
  28  2:17  Probe  
  28  2:20  Robotics Facility  
  29  2:29  Probe  
  30  2:40  Stalker x2  
  34  2:46  Probe  
  34  2:49  Pylon  
  35  2:59  Probe  
  36  3:09  Observer  
  36  3:12  Probe  
  38  3:19  Nexus  
  38  3:27  Probe  
  38  3:32  Shield Battery  
  39  3:35  Sentry x2  
  39  3:40  Probe  
  44  3:53  Probe  
  45  3:56  Pylon  
  45  4:00  Pylon  
  45  4:08  Probe  
  46  4:13  Immortal  
  50  4:19  Robotics Bay  
  50  4:20  Probe  
  51  4:32  Probe x2  
  51  4:34  Assimilator  
  47  5:12  Pylon  
  45  5:15  Pylon  
Tags
 
Add a new tag
Caveats
  • Supply blocks, unpowered buildings, or Contaminate may cause inaccurate times.
  • Supply counts are checked every 10 seconds.